 Dungeon Crawl Stone Soup version 0.28.0-43-g3370ac3207 (webtiles) character file.

Game seed: 806199811204733974

24534 Hrothgar the Cruncher (level 12, -11/114 HPs)
             Began as a Troll Monk on Mar 30, 2022.
             Was an Elder of Ru.
             Mangled by a black mamba (15 damage)
             ... on level 1 of the Snake Pit.
             The game lasted 01:26:27 (12186 turns).

Hrothgar the Cruncher (Troll Monk)                 Turns: 12186, Time: 01:26:27

Health: -11/114    AC:  8    Str: 24    XL:     12   Next: 81%
Magic:  14/16      EV: 12    Int: 10    God:    Ru [****..]
Gold:   1440       SH:  5    Dex: 12    Spells: 15/18 levels left

rFire   + + .      SeeInvis .   b - +7 lajatang (spect)
rCold   x x .      Faith    .   (shield currently unavailable)
rNeg    + . .      Spirit   .   B - +1 robe "Jorokhlo" {rElec rC- Will+ Int+2}
rPois   +          Reflect  +   (helmet restricted)
rElec   +          Harm     .   v - +2 cloak {rPois}
rCorr   .          Rampage  .   (gloves unavailable)
Will    .....                   (boots unavailable)
Stlth   ++........              z - amulet of reflection
HPRegen 1.09/turn               f - ring of wizardry
MPRegen 0.15/turn               A - ring of Makhleb's Respect {Fire rN+}

@: about to teleport
A: large, unfitting armour, claws 3, regeneration 1, shaggy fur 1, tough skin 1,
hated by all, no earth magic, no hexes magic, no translocations magic,
weak-willed 1, dopey 1, fire resistance 1, strong 1
a: Renounce Religion, Draw Out Power, Power Leap


You were on level 1 of the Snake Pit.
You worshipped Ru.
Ru was greatly pleased with you.
You visited 4 branches of the dungeon, and saw 16 of its levels.
You also visited: Bailey.

You collected 1583 gold pieces.
You spent 143 gold pieces at shops.

Inventory:

Hand Weapons
 b - a +7 spectral lajatang (weapon)
 e - a +2 dagger of electrocution
Missiles
 g - 2 curare-tipped darts
 k - 5 silver javelins
 l - 6 large rocks
 p - 6 javelins (quivered)
Armour
 v - a +2 cloak of poison resistance (worn)
 B - the +1 robe "Jorokhlo" (worn) {rElec rC- Will+ Int+2}
   (You found it on level 7 of the Dungeon)

   Int:       It affects your intelligence (+2).
   rC:        It makes you vulnerable to cold.
   rElec:     It insulates you from electricity.
   Will:      It increases your willpower.
Jewellery
 d - an amulet of the acrobat
 f - a ring of wizardry (left claw)
 r - a +6 ring of strength
 y - a ring of ice
 z - an amulet of reflection (around neck)
 A - the ring of Makhleb's Respect (right claw) {Fire rN+}
   (You found it on level 7 of the Dungeon)

   [ring of fire]

   It enhances your fire magic.
   rF:        It protects you from fire.
   rC:        It makes you vulnerable to cold.
   rN:        It protects you from negative energy.
Wands
 j - a wand of mindburst (2)
 w - a wand of digging (4)
 D - a wand of paralysis (4)
 G - a wand of iceblast (1)
Scrolls
 a - 3 scrolls of enchant armour
 h - a scroll of noise
 i - 8 scrolls of teleportation
 s - 2 scrolls of magic mapping
 x - a scroll of silence
 E - 3 scrolls of fog
Potions
 c - 2 potions of brilliance {unknown}
 m - a potion of haste
 o - 2 potions of flight
 q - 2 potions of might
 t - a potion of cancellation {unknown}
 u - a potion of ambrosia {unknown}


   Skills:
 * Level 6.1 Fighting
 - Level 0.1 Short Blades
 * Level 9.3 Staves
 * Level 6.2 Throwing
 * Level 5.0 Armour
 * Level 6.1 Dodging
 * Level 4.3 Stealth
 * Level 4.9 Shields
 * Level 7.3 Unarmed Combat
 * Level 3.7 Spellcasting
 * Level 3.7 Evocations


You had 15 spell levels left.
You knew the following spells:

 Your Spells              Type           Power      Damage    Failure   Level
a - Ignite Poison         Fire/Tmut/Pois 2%         N/A       30%         3

Your spell library contained the following spells:

 Spells                   Type           Power      Damage    Failure   Level
 Conjure Flame            Conj/Fire      2%         6-21      30%         3
 Spider Form              Tmut/Pois      1%         N/A       30%         3
 Swiftness                Air            1%         N/A       30%         3
 Sticky Flame             Conj/Fire      2%         2d3       67%         4
 Ensorcelled Hibernation  Hex/Ice        Unusable   N/A       N/A         2
 Passwall                 Tmut/Erth      Unusable   N/A       N/A         2
 Call Canine Familiar     Summ           Unusable   N/A       N/A         3
 Gell's Gravitas          Tloc           Unusable   N/A       N/A         3
 Lesser Beckoning         Tloc           Unusable   N/A       N/A         3
 Portal Projectile        Hex/Tloc       Unusable   N/A       N/A         3
 Teleport Other           Tloc           Unusable   N/A       N/A         3
 Anguish                  Hex/Necr       Unusable   N/A       N/A         4
 Leda's Liquefaction      Hex/Erth       Unusable   N/A       N/A         4

Dungeon Overview and Level Annotations

Branches:
Dungeon (11/15)            Temple (1/1) D:4            Lair (3/6) D:11
  Swamp (0/4) Lair:3        Snake (1/4) Lair:3          Orc (0/2) D:11
 Bailey (visited)

Altars:
Ashenzari
Cheibriados
Dithmenos
Elyvilon
Fedhas
Gozag
Hepliaklqana
Kikubaaqudgha
Makhleb
Nemelex Xobeh
Okawaru
Qazlal
Ru
Sif Muna
Trog
Uskayaw
Vehumet
Wu Jian
Xom
Yredelemnul
Zin
The Shining One

Shops:
D:5 !   D:7 [(   Snake:1 (

Annotations:
D:9 exclusion: orange crystal statue


Innate Abilities, Weirdness & Mutations

You are too large for most types of armour.
You have claws for hands.
Your natural rate of healing is unusually fast.
You are covered in fur. (AC +1)
You have tough skin. (AC +1)
You are hated by all.
You cannot study or cast Earth magic.
You cannot study or cast Hexes magic.
You cannot study or cast Translocations magic.
You are slightly weak-willed. (Will-)
You are dopey. (Int -2)
Your flesh is heat resistant. (rF+)
Your muscles are strong. (Str +2)


Message History

The black mamba barely misses you.
You feel better.
The black mamba bites you but does no damage.
You block the black mamba's attack.
The salamander is no longer covered in acid.
You redirect the salamander's attack!
The salamander wields a +1 shortbow of flaming.
It bursts into flame!
The salamander shoots an arrow.
The arrow hits the salamander!
Aiming: Corrosive Bolt
Press: ? - help, Shift-Dir - straight line, f/p - salamander
Aim: a salamander, wielding a +1 shortbow of flaming and quivering arrows (severely wounded, fast, 84% to hit)
The bolt of acid hits the black mamba!!
The black mamba is almost dead.
The bolt of acid hits the salamander!
The acid corrodes the salamander!
The salamander is almost dead.
The now-empty wand crumbles to dust.
You block the black mamba's attack. The black mamba bites you!
* * * LOW HITPOINT WARNING * * *
You are lethally poisoned!
The black mamba poisons you!
You feel better. The black mamba barely misses you. The black mamba misses you.
The salamander is stunned by your conviction and fails to attack.
The salamander is stunned by your conviction and fails to attack.
The black mamba bites you.
* * * LOW HITPOINT WARNING * * *
The salamander is stunned by your conviction and fails to attack.
Aiming: Iceblast
Press: ? - help, Shift-Dir - straight line, f/p - salamander
Aim: a salamander, wielding a +1 shortbow of flaming and quivering arrows (almost dead, fast, covered in acid)
Okay, then.
As you read the scroll of teleportation, it crumbles to dust.
You feel strangely unstable. The black mamba misses you.
The salamander is stunned by your conviction and fails to attack.
The black mamba is stunned by your conviction and fails to attack.
The black mamba stops glowing.
The black mamba bites you!
* * * LOW HITPOINT WARNING * * *
The black mamba bites you!
You die...

###.....##
########..#
##≈≈≈## ##.#
#≈≈≈≈≈# #.#
#≈≈∩≈≈####.###
#≈≈.≈≈.......#
##≈.≈.....N#......
#........S####..#
#........@.......
#.........#.##.##
#.........#.#
########.##.#
#.##.# #.##.#
#.##.# #....#
##).##


You could see a salamander (fast, corroded) and a black mamba (corroded).

Vanquished Creatures
  6 hydras
  A centaur warrior (D:11)
  An anaconda (Snake:1)
  A death knight (D:11)
  A two-headed ogre (D:11)
  Nergalle (Lair:2)
  Pikel (D:5)
  A mana viper (Snake:1)
  A salamander (Snake:1)
  2 cyclopes (D:11)
  Joseph (D:7)
  A gargoyle (D:11)
  A naga mage (Snake:1)
  4 cane toads
  2 black mambas
  Maggie (D:7)
  A kobold demonologist (D:9)
  5 komodo dragons
  A rime drake (Lair:1)
  A hornet (D:9)
  A meliai zombie (D:11)
  A shadow (D:10)
  A wyvern (D:11)
  7 yaks
  2 wraiths
  2 vampires (D:11)
  A basilisk (Lair:2)
  Menkaure (D:7)
  Edmund (D:5)
  A naga (Snake:1)
  8 water moccasins
  15 orc warriors
  A sky beast (D:7)
  An ice beast (D:7)
  2 ogres (D:6)
  5 wolves (Lair:3)
  A necrophage (D:4)
  12 centaurs
  A phantom (D:5)
  Blork the orc (D:4)
  2 kobold brigands (D:10)
  2 gnoll sergeants
  A water moccasin zombie (D:6)
  8 bullfrogs
  A wyvern zombie (D:7)
  3 scorpions
  A wyvern skeleton (D:7)
  9 killer bees
  A wight (D:9)
  10 electric eels
  A howler monkey (D:10)
  7 centaur zombies
  A jelly (D:7)
  A bullfrog zombie (D:5)
  2 bullfrog skeletons
  2 hounds (D:7)
  2 centaur skeletons
  9 orc priests
  3 gnoll shamans
  Crazy Yiuf (D:7)
  3 iguanas
  16 orc wizards
  A killer bee zombie (D:7)
  4 howler monkey zombies
  22 gnolls
  8 adders
  A howler monkey skeleton (D:6)
  A white imp (D:3)
  2 adder skeletons (D:4)
  4 dart slugs
  68 orcs
  12 ball pythons
  9 endoplasms
  2 giant cockroaches
  7 goblins
  4 hobgoblins
  8 jackals
  4 quokkas
  3 bats
  3 frilled lizards (D:2)
  7 kobolds
  4 rats
359 creatures vanquished.

Vanquished Creatures (others)
  2 orcs
  2 fungi (Lair:1)
  31 plants
35 creatures vanquished.

Grand Total: 394 creatures vanquished

Notes
Turn   | Place    | Note
-------+----------+-------------------------------------------
     0 | D:1      | Hrothgar the Troll Monk began the quest for the Orb.
     0 | D:1      | Reached XP level 1. HP: 22/22 MP: 0/0
   134 | D:1      | Reached XP level 2. HP: 29/29 MP: 1/1
   581 | D:2      | Reached XP level 3. HP: 34/36 MP: 2/2
   681 | D:2      | You fall into a shaft and drop 1 floor!
   756 | D:3      | Identified a scroll of acquirement
   757 | D:3      | Acquired a +2 spectral lajatang
   867 | D:2      | Found a faded altar of an unknown god.
   897 | D:2      | Reached XP level 4. HP: 44/44 MP: 3/3
  1746 | D:3      | Reached skill level 1 in Throwing
  1746 | D:3      | Reached skill level 1 in Armour
  1746 | D:3      | Reached XP level 5. HP: 43/52 MP: 5/5
  1778 | D:3      | Reached skill level 1 in Staves
  1890 | D:3      | Reached skill level 1 in Shields
  2210 | D:4      | Reached XP level 6. HP: 54/59 MP: 6/6
  2338 | D:4      | Noticed Blork the orc
  2345 | D:4      | Killed Blork the orc
  2346 | D:4      | Reached skill level 2 in Staves
  2346 | D:4      | Reached skill level 1 in Spellcasting
  2448 | D:4      | Reached XP level 7. HP: 67/67 MP: 7/7
  2540 | D:4      | Found a staircase to the Ecumenical Temple.
  2565 | Temple   | Entered the Ecumenical Temple
  2851 | D:4      | Found an ornate altar of the Wu Jian Council.
  2874 | D:4      | Acquired 507 gold pieces
  3346 | Temple   | Became a worshipper of Ru the Awakened
  3373 | D:4      | Gained mutation: You are hated by all. [Ru sacrifice]
  3373 | D:4      | Reached * piety under Ru
  3373 | D:4      | Reached ** piety under Ru
  3392 | D:5      | Entered Level 5 of the Dungeon
  3398 | D:5      | Noticed Edmund
  3407 | D:5      | Killed Edmund
  3671 | D:5      | Found Cihexy's Distillery.
  3717 | D:5      | Bought a potion of heal wounds for 55 gold pieces
  3717 | D:5      | Bought a potion of mutation for 88 gold pieces
  3717 | D:5      | Gained mutation: Your body sometimes deteriorates upon
                  | taking damage. [potion of mutation]
  3717 | D:5      | Gained mutation: Your body often deteriorates upon taking
                  | damage. [potion of mutation]
  3723 | D:5      | Noticed Pikel
  3727 | D:5      | Killed Pikel
  3728 | D:5      | Reached skill level 3 in Staves
  3728 | D:5      | Reached XP level 8. HP: 73/75 MP: 7/9
  3837 | D:5      | Reached skill level 4 in Staves
  4104 | D:5      | Lost mutation: Your body often deteriorates upon taking
                  | damage. [potion of mutation]
  4104 | D:5      | Lost mutation: Your body sometimes deteriorates upon taking
                  | damage. [potion of mutation]
  4104 | D:5      | Gained mutation: Your body sometimes deteriorates upon
                  | taking damage. [potion of mutation]
  4104 | D:5      | Gained mutation: You have supernaturally acute eyesight.
                  | (SInv) [potion of mutation]
  4104 | D:5      | Gained mutation: You are partially covered in iridescent
                  | scales. (AC +2) [potion of mutation]
  4105 | D:5      | Lost mutation: Your body sometimes deteriorates upon taking
                  | damage. [potion of mutation]
  4105 | D:5      | Lost mutation: You are partially covered in iridescent
                  | scales. (AC +2) [potion of mutation]
  4105 | D:5      | Lost mutation: You have supernaturally acute eyesight.
                  | (SInv) [potion of mutation]
  4105 | D:5      | Gained mutation: You are partially covered in iridescent
                  | scales. (AC +2) [potion of mutation]
  4105 | D:5      | Gained mutation: You are strong-willed. (Will+) [potion of
                  | mutation]
  4296 | D:6      | Reached skill level 5 in Unarmed Combat
  4441 | D:6      | Reached XP level 9. HP: 83/83 MP: 10/10
  4454 | D:6      | Learned a level 3 spell: Ignite Poison
  4518 | D:6      | Found a sparkling altar of Nemelex Xobeh.
  4530 | D:6      | Found a broken altar of Ashenzari.
  4562 | D:6      | Found a bloodstained altar of Trog.
  4857 | D:7      | Reached skill level 5 in Staves
  4882 | D:7      | Identified the ring of Makhleb's Respect {Fire rN+}
  4924 | D:7      | Identified the +1 robe "Jorokhlo" {rElec rC- Will+ Int+2}
  4955 | D:7      | Lost mutation: You are strong-willed. (Will+) [potion of
                  | mutation]
  4955 | D:7      | Lost mutation: You are partially covered in iridescent
                  | scales. (AC +2) [potion of mutation]
  4955 | D:7      | Gained mutation: Your flesh is heat resistant. (rF+)
                  | [potion of mutation]
  4955 | D:7      | Gained mutation: You are dopey. (Int -2) [potion of
                  | mutation]
  4955 | D:7      | Gained mutation: Your muscles are strong. (Str +2) [potion
                  | of mutation]
  4999 | D:7      | Found Cozamoc's Weapon Emporium.
  5038 | D:7      | Noticed Joseph
  5042 | D:7      | Noticed Menkaure
  5048 | D:7      | Killed Menkaure
  5052 | D:7      | Killed Joseph
  5053 | D:7      | Reached skill level 1 in Evocations
  5187 | D:7      | Reached skill level 6 in Staves
  5215 | D:7      | Found Metiag's Antique Armour Shop.
  5233 | D:7      | Found a runed translucent door.
  5234 | D:7      | Noticed Crazy Yiuf
  5240 | D:7      | Killed Crazy Yiuf
  5399 | D:7      | Gained mutation: You are slightly weak-willed. (Will-) [Ru
                  | sacrifice]
  5399 | D:7      | Reached *** piety under Ru
  5498 | D:7      | Noticed Maggie
  5505 | D:7      | Killed Maggie
  5506 | D:7      | Reached XP level 10. HP: 78/94 MP: 12/12
  6650 | D:9      | Found a flagged portal.
  6668 | D:9      | Identified the +1 halberd "Lowekant" {freeze, rN+}
  6672 | Bailey   | Entered a bailey
  6990 | Bailey   | Reached skill level 7 in Staves
  7383 | D:9      | Noticed an orange crystal statue
  7477 | D:9      | Noticed a smoke demon
  7539 | D:9      | Reached skill level 5 in Dodging
  7544 | D:9      | Reached skill level 5 in Fighting
  7877 | D:10     | Entered Level 10 of the Dungeon
  7882 | D:10     | Reached XP level 11. HP: 102/102 MP: 14/14
  7902 | D:10     | Found a shimmering blue altar of Sif Muna.
  8177 | D:10     | Found a snail-covered altar of Cheibriados.
  8179 | D:10     | Found a stormy altar of Qazlal.
  8197 | D:10     | Found a shadowy altar of Dithmenos.
  8198 | D:10     | Found an opulent altar of Gozag.
  8388 | D:10     | Found a hide-covered altar of Uskayaw.
  8619 | D:10     | Found a white marble altar of Elyvilon.
  8929 | D:11     | Reached skill level 5 in Throwing
  9086 | D:11     | Found a staircase to the Lair.
  9104 | D:11     | Noticed a death knight
  9113 | D:11     | Killed a death knight
  9114 | D:11     | Reached skill level 8 in Staves
  9121 | D:11     | Noticed a centaur warrior
  9131 | D:11     | Killed a centaur warrior
  9352 | D:11     | Found a staircase to the Orcish Mines.
  9438 | D:11     | Noticed a two-headed ogre
  9446 | D:11     | Killed a two-headed ogre
  9757 | Lair:1   | Entered Level 1 of the Lair of Beasts
  9780 | Lair:1   | Noticed an eight-headed hydra
  9790 | Lair:1   | Killed a 15-headed hydra
  9824 | Lair:1   | Noticed an eight-headed hydra
  9834 | Lair:1   | Killed an 18-headed hydra
  9952 | Lair:1   | Noticed a four-headed hydra
  9985 | Lair:1   | Noticed a seven-headed hydra
 10093 | Lair:1   | Identified the +12 dire flail "Onucinen" {flame, rN++
                  | Int+3}
 10150 | Lair:1   | Reached XP level 12. HP: 111/111 MP: 15/15
 10328 | Lair:1   | Killed a nine-headed hydra
 10340 | Lair:1   | Killed a 13-headed hydra
 10352 | Lair:2   | Noticed Nergalle
 10360 | Lair:2   | Killed Nergalle
 10902 | Lair:2   | Reached skill level 9 in Staves
 11224 | Lair:3   | Identified the +1 scale mail "Ruofabeth" {+Inv Int+3}
 11284 | Lair:3   | Found a staircase to the Swamp.
 11478 | Lair:3   | Noticed a seven-headed hydra
 11522 | Lair:3   | Killed a 13-headed hydra
 11882 | Lair:3   | Found a staircase to the Snake Pit.
 11892 | Lair:3   | Noticed a five-headed hydra
 11903 | Lair:3   | Killed a 12-headed hydra
 11945 | Snake:1  | Entered Level 1 of the Snake Pit
 12072 | Snake:1  | Gained mutation: You cannot study or cast Earth magic. [Ru
                  | sacrifice]
 12072 | Snake:1  | Gained mutation: You cannot study or cast Hexes magic. [Ru
                  | sacrifice]
 12072 | Snake:1  | Gained mutation: You cannot study or cast Translocations
                  | magic. [Ru sacrifice]
 12072 | Snake:1  | Reached **** piety under Ru
 12087 | Snake:1  | Found Imumealo's Antique Weapon Boutique.
 12141 | Snake:1  | Noticed an anaconda
 12152 | Snake:1  | Killed an anaconda
 12153 | Snake:1  | Reached skill level 5 in Armour
 12176 | Snake:1  | HP: 2/114 [black mamba (9)]
 12185 | Snake:1  | HP: 3/114 [black mamba (11)]
 12186 | Snake:1  | Mangled by a black mamba

Illustrated notes

Levels and vault maps discovered:
D:1:      nzn_arrival_crosshair, layout_rooms, grunt_decor_mini_mirrors
D:2:      layout_loops_ring, basic_ecumenical_altar
D:3:      layout_loops_ring, nicolae_grassy_gnolls
D:4:      layout_layer_cave, nicolae_wu_jian_wuxing_cycle,
          minmay_temple_entry_crystal_x, uniq_blork_the_orc
D:5:      layout_cave_pools, serial_shops, shop, serial_bayou_pond_a,
          grunt_ministairs_3, uniq_edmund, uniq_pikel
D:6:      layout_cave_pools, mainiacjoe_overflow_catwalk_spiral,
          mainiacjoe_overflow_alcove_1
D:7:      minmay_the_grid_square_5x5_3x3 [minmay_the_grid_square_5x5_comb,
          minmay_the_grid_square_5x5_three_walls,
          minmay_the_grid_square_5x5_sharp_hourglass,
          minmay_the_grid_square_5x5_two,
          minmay_the_grid_square_5x5_megaprize_hollow,
          minmay_the_grid_square_5x5_tie, minmay_the_grid_square_5x5_bracketed,
          minmay_the_grid_square_5x5_eight_small,
          minmay_the_grid_square_5x5_plus], layout_basic, serial_bayou,
          serial_bayou_shore_b, serial_bayou_crossing, serial_bayou_lake_a,
          serial_bayou_ford_a, serial_shops, shop, shop, uniq_joseph,
          uniq_menkaure, uniq_crazy_yiuf_cottage, uniq_maggie
D:8:      layout_basic
D:9:      kennysheep_ambush_hall, layout_cave_pools, enter_bailey_2,
          disabler_island
D:10:     layout_basic, kennysheep_ying_yang, minitemple,
          mainiacjoe_overflow_catch_the_wave
D:11:     minmay_curly_fans, layout_cave_pods, lair_entry_dummy, david_orc_2
Temple:   eino_temple_lava
Lair:1:   layout_misc_corridors
Lair:2:   layout_regular_city, infiniplex_staircase_pool_2, uniq_nergalle
Lair:3:   layout_cave_pods, swamp_mist, dummy_snake_entry, grunt_megastairs_4,
          serial_bayou_shore_a
Snake:1:  layout_rooms, serial_shops, shop_fountains, nicolae_shop_waterfront,
          nicolae_shop_trees, shop

Skill      XL: |  1  2  3  4  5  6  7  8  9 10 11 12 |
---------------+-------------------------------------+-----
Throwing       | 1 2 3 4 5 6 |  6.2
Armour         | 1 2 3 4 5 |  5.0
Staves         | 1 2 3 4 6 7 8 9 |  9.3
Shields        | 1 2 3 4 |  4.9
Dodging        | 3 4 5 6 |  6.1
Fighting       | 3 4 5 6 |  6.1
Spellcasting   | 1 2 3 |  3.7
Unarmed Combat | 4 5 6 7 |  7.3
Stealth        | 2 3 4 |  4.3
Evocations     | 1 2 3 |  3.7
Short Blades   | |  0.1

Action                   |  1- 3 |  4- 6 |  7- 9 | 10-12 || total
-------------------------+-------+-------+-------+-------++-------
Melee: Unarmed           |    47 |       |       |       ||    47
       Dagger            |    44 |       |       |       ||    44
       Lajatang          |    11 |    60 |   143 |   293 ||   507
Throw: Dart              |    11 |    32 |    19 |       ||    62
       Javelin           |       |       |       |   103 ||   103
Invok: Sacrifice Love    |       |       |     1 |       ||     1
       Sacrifice Essence |       |       |     1 |       ||     1
       Sacrifice Arcana  |       |       |       |     1 ||     1
Evoke: Wand              |       |       |     9 |    41 ||    50
  Use: Scroll            |     4 |     3 |     2 |    29 ||    38
       Potion            |       |       |     6 |     6 ||    12
 Stab: Sleeping          |     1 |     2 |     4 |     2 ||     9
       Distracted        |       |       |     1 |     2 ||     3
       Invisible         |       |       |     1 |     2 ||     3
       Paralysed         |       |       |       |    23 ||    23
Armor: Robe              |    31 |    12 |    30 |    87 ||   160
Dodge: Dodged            |    88 |    43 |   113 |   294 ||   538
Block: Tower shield      |    22 |       |       |       ||    22
       Other             |       |       |       |    17 ||    17
